PAAA
BAY CITY BOMBERS @ BLOOMINGTON LONGNECKS
07/15/2020
 
TOP OF THE 1ST
Bay City Bombers batting - Pitching for Bloomington Longnecks : LHP Jim Unknown
Pitching: LHP Jim Unknown
Batting: RHB Jim Unknown 0-0: Ground out 5-3 (Groundball, 56)
Batting: LHB Mito Rin 0-0: Ball
1-0: Called Strike
1-1: Foul Ball, location: 2F
1-2: Foul Ball, location: 2F
1-2: Ball
2-2: Strikes out swinging
Batting: RHB Jim Unknown 0-0: Ball
1-0: Called Strike
1-1: Ground out 1-3 (Groundball, 15)
Top of the 1st over - 0 run(s), 0 hit(s), 0 error(s), 0 left on base; Bay City 0 - Bloomington 0
BOTTOM OF THE 1ST
Bloomington Longnecks batting - Pitching for Bay City Bombers : LHP Juan Correa
Pitching: LHP Juan Correa
Batting: RHB Jim Unknown 0-0: Foul Ball, location: 2F
0-1: Foul Ball, location: 2F
0-2: Strikes out looking
Batting: RHB Jim Unknown 0-0: Ball
1-0: Ball
2-0: Called Strike
2-1: DOUBLE (Line Drive, 7LS)
Batting: SHB Jared Jefferson 0-0: Foul Ball, location: 2F
0-1: Foul Ball, location: 2F
0-2: Foul Ball, location: 2F
0-2: Ball
1-2: SINGLE (Groundball, 4MD)
Jim Unknown to third
Runner from 3rd tries for Home, SAFE, no throw or cutoff
Batting: RHB Randy Galloway 0-0: Fly out, F8 (Flyball, 8RS)
Batting: RHB Jim Unknown Pickoff Throw to First - Out!
Bottom of the 1st over - 1 run(s), 2 hit(s), 0 error(s), 0 left on base; Bay City 0 - Bloomington 1
TOP OF THE 2ND
Bay City Bombers batting - Pitching for Bloomington Longnecks : LHP Jim Unknown
Batting: RHB Luis Díaz 0-0: SINGLE (Groundball, 5L)
Batting: RHB Jim Unknown 0-0: Ball
1-0: Foul Ball, location: 2F
1-1: Ball
2-1: Called Strike
2-2: Strikes out swinging
Batting: LHB Guy Riley 0-0: Called Strike
0-1: Called Strike
0-2: Ball
1-2: Strikes out looking
Batting: RHB Millard Watson 0-0: Ball
1-0: Ball
2-0: Fielders Choice at 2nd, U6 (Groundball, 6M)
Top of the 2nd over - 0 run(s), 1 hit(s), 0 error(s), 1 left on base; Bay City 0 - Bloomington 1
BOTTOM OF THE 2ND
Bloomington Longnecks batting - Pitching for Bay City Bombers : LHP Juan Correa
Batting: RHB Jim Unknown 0-0: Ball
1-0: Called Strike
1-1: Ball
2-1: SINGLE (Line Drive, 6MD)
Batting: RHB Jim Unknown 0-0: Ball
1-0: Ball
2-0: Ball
3-0: Base on Balls
Jim Unknown to second
Batting: SHB Jim Unknown 0-0: SINGLE (Line Drive, 7S)
Jim Unknown to third
Jim Unknown to second
Batting: SHB Jim Unknown 0-0: Ball
1-0: Called Strike
1-1: Called Strike
1-2: Ball
2-2: Ball
3-2: Base on Balls
Jim Unknown scores
Jim Unknown to third
Jim Unknown to second
Batting: RHB Jim Unknown 0-0: Ball
1-0: Ball
2-0: Foul Ball, location: 2F
2-1: SINGLE (Groundball, 4MD)
Jim Unknown scores
Jim Unknown to third
Jim Unknown to second
Runner from 3rd tries for Home, SAFE, no throw or cutoff
Batting: RHB Jim Unknown 0-0: SINGLE (Groundball, 56)
Jim Unknown to third
Jim Unknown to second
Batting: RHB Jim Unknown 0-0: Ball
1-0: Called Strike
1-1: Ball
2-1: Ball
3-1: Fly out, F8 (Flyball, 8RM)
Runner from 3rd tags up, OUT at HOME
Jim Unknown to third
Jim Unknown to second
Batting: SHB Jared Jefferson 0-0: Ball
1-0: Called Strike
1-1: Foul Ball, location: 2F
1-2: Ball
2-2: Strikes out looking
Bottom of the 2nd over - 3 run(s), 4 hit(s), 0 error(s), 2 left on base; Bay City 0 - Bloomington 4
TOP OF THE 3RD
Bay City Bombers batting - Pitching for Bloomington Longnecks : LHP Jim Unknown
Batting: RHB Aaron Phillips 0-0: Ball
1-0: Ball
2-0: Called Strike
2-1: Foul Ball, location: 2F
2-2: Foul Ball, location: 2F
2-2: Fly out, F9 (Flyball, 9S)
Batting: LHB John Doyle 0-0: Ball
1-0: Foul Ball, location: 2F
1-1: Foul Ball, location: 2F
1-2: Ball
2-2: Strikes out looking
Batting: RHB Jim Unknown 0-0: Ball
1-0: Fly out, F9 (Flyball, 9LM)
Top of the 3rd over - 0 run(s), 0 hit(s), 0 error(s), 0 left on base; Bay City 0 - Bloomington 4
BOTTOM OF THE 3RD
Bloomington Longnecks batting - Pitching for Bay City Bombers : LHP Juan Correa
Batting: RHB Randy Galloway 0-0: Ball
1-0: Ball
2-0: Called Strike
2-1: SINGLE (Groundball, 56D)
Batting: RHB Jim Unknown 0-0: Ball
1-0: SINGLE (Line Drive, 56)
Randy Galloway to second
Batting: RHB Jim Unknown 0-0: Ball
1-0: Swinging Strike
1-1: Ball
2-1: Fly out, F7 (Flyball, 7M)
Batting: SHB Jim Unknown 0-0: Called Strike
0-1: Ball
1-1: Foul Ball, location: 2F
1-2: Grounds into double play, 6-4-3 (Groundball, 6M)
Bottom of the 3rd over - 0 run(s), 2 hit(s), 0 error(s), 1 left on base; Bay City 0 - Bloomington 4
TOP OF THE 4TH
Bay City Bombers batting - Pitching for Bloomington Longnecks : LHP Jim Unknown
Batting: LHB Mito Rin 0-0: Ball
1-0: Ball
2-0: Called Strike
2-1: Foul Ball, location: 2F
2-2: Foul Ball, location: 2F
2-2: Ball
3-2: Foul Ball, location: 2F
3-2: Strikes out swinging
Batting: RHB Jim Unknown 0-0: Ball
1-0: Foul Ball, location: 2F
1-1: Called Strike
1-2: Ball
2-2: Ground out 5-3 (Groundball, 5L)
Batting: RHB Luis Díaz 0-0: Called Strike
0-1: Ball
1-1: Foul Ball, location: 2F
1-2: Ball
2-2: Fly out, F8 (Line Drive, 8LM)
Top of the 4th over - 0 run(s), 0 hit(s), 0 error(s), 0 left on base; Bay City 0 - Bloomington 4
BOTTOM OF THE 4TH
Bloomington Longnecks batting - Pitching for Bay City Bombers : LHP Juan Correa
Batting: SHB Jim Unknown 0-0: Called Strike
0-1: Foul Ball, location: 2F
0-2: SINGLE (Line Drive, 89S)
Batting: RHB Jim Unknown 0-0: Foul Ball, location: 2F
0-1: Foul Ball, location: 2F
0-2: Hit by Pitch
Jim Unknown to second
Batting: RHB Jim Unknown 0-0: Foul Ball, location: 2F
0-1: Ball
1-1: Ball
2-1: Called Strike
2-2: Ball
3-2: Fly out, F9 (Flyball, 9LM)
Batting: RHB Jim Unknown 0-0: Ball
1-0: Called Strike
1-1: Foul Ball, location: 2F
1-2: Grounds into double play, 5-4-3 (Groundball, 5)
Bottom of the 4th over - 0 run(s), 1 hit(s), 0 error(s), 1 left on base; Bay City 0 - Bloomington 4
TOP OF THE 5TH
Bay City Bombers batting - Pitching for Bloomington Longnecks : LHP Jim Unknown
Batting: RHB Jim Unknown 0-0: Called Strike
0-1: Foul Ball, location: 2F
0-2: Ground out 6-3 (Groundball, 6M)
Batting: LHB Guy Riley 0-0: Called Strike
0-1: Called Strike
0-2: Ball
1-2: Foul Ball, location: 2F
1-2: SINGLE (Line Drive, 34D)
Batting: RHB Millard Watson 0-0: Ball
1-0: Ball
2-0: Grounds into double play, 5-4-3 (Groundball, 5)
Top of the 5th over - 0 run(s), 1 hit(s), 0 error(s), 0 left on base; Bay City 0 - Bloomington 4
BOTTOM OF THE 5TH
Bloomington Longnecks batting - Pitching for Bay City Bombers : LHP Juan Correa
Batting: SHB Jared Jefferson 0-0: Called Strike
0-1: Ball
1-1: Foul Ball, location: 2F
1-2: Foul Ball, location: 2F
1-2: Ball
2-2: Ball
3-2: Fly out, F8 (Flyball, 8LD)
Batting: RHB Randy Galloway 0-0: DOUBLE (Line Drive, 6MD)
Pinch Runner at 2nd Jim Unknown:
Batting: RHB Jim Unknown 0-0: Ball
1-0: Called Strike
1-1: Ball
2-1: Ground out 6-3 (Groundball, 6)
Batting: RHB Jim Unknown 0-0: Ball
1-0: SINGLE (Line Drive, 3)
Jim Unknown to third
Batting: SHB Jim Unknown 0-0: Ball
1-0: Foul Ball, location: 2F
1-1: Called Strike
1-2: Ball
2-2: Fly out, F9 (Flyball, 89D)
Bottom of the 5th over - 0 run(s), 2 hit(s), 0 error(s), 2 left on base; Bay City 0 - Bloomington 4
TOP OF THE 6TH
Bay City Bombers batting - Pitching for Bloomington Longnecks : LHP Jim Unknown
Now at C: Jim Unknown
Batting: RHB Aaron Phillips 0-0: Ball
1-0: Ball
2-0: Swinging Strike
2-1: Ball
3-1: Base on Balls
Batting: LHB John Doyle 0-0: Ball
1-0: Fielders Choice at 2nd, 1-4 (Groundball, 13)
Batting: RHB Jim Unknown 0-0: Fly out, F7 (Line Drive, 7M)
Batting: LHB Mito Rin 0-0: Ball
1-0: Fielders Choice at 2nd, U6 (Groundball, 6M)
Top of the 6th over - 0 run(s), 0 hit(s), 0 error(s), 1 left on base; Bay City 0 - Bloomington 4
BOTTOM OF THE 6TH
Bloomington Longnecks batting - Pitching for Bay City Bombers : LHP Juan Correa
Batting: SHB Jim Unknown 0-0: Ball
1-0: Ball
2-0: Called Strike
2-1: DOUBLE (Line Drive, 5L)
Batting: RHB Jim Unknown 0-0: Foul Ball, location: 2F
0-1: Ball
1-1: Ball
2-1: Ball
3-1: Foul Ball, location: 2F
3-2: Base on Balls
Batting: RHB Jim Unknown 0-0: Sac Bunt - play at third, runner OUT! 1-5
Jim Unknown to second
Batting: RHB Jim Unknown 0-0: Called Strike
0-1: Fielders Choice at 2nd, 1-6 (Groundball, 13)
Jim Unknown to third
Batting: SHB Jared Jefferson 0-0: Called Strike
0-1: Ball
1-1: Foul Ball, location: 2F
1-2: Fielders Choice at 2nd, 6-4 (Groundball, 6)
Bottom of the 6th over - 0 run(s), 1 hit(s), 0 error(s), 1 left on base; Bay City 0 - Bloomington 4
TOP OF THE 7TH
Bay City Bombers batting - Pitching for Bloomington Longnecks : LHP Jim Unknown
Batting: RHB Jim Unknown 0-0: Called Strike
0-1: Called Strike
0-2: SINGLE (Line Drive, 9S)
Batting: RHB Luis Díaz 0-0: Ball
1-0: Called Strike
1-1: Fly out, F4 (Line Drive, 4)
Batting: RHB Jim Unknown 0-0: Called Strike
0-1: Ball
1-1: Ball
2-1: Ball
3-1: Base on Balls
Jim Unknown to second
Batting: LHB Guy Riley 0-0: Ball
1-0: Fly out, F8 (Flyball, 8LS)
Batting: RHB Millard Watson 0-0: Ball
1-0: Ball
2-0: Swinging Strike
2-1: Foul Ball, location: 2F
2-2: Ball
3-2: Strikes out looking
Top of the 7th over - 0 run(s), 1 hit(s), 0 error(s), 2 left on base; Bay City 0 - Bloomington 4
BOTTOM OF THE 7TH
Bloomington Longnecks batting - Pitching for Bay City Bombers : LHP Juan Correa
Batting: LHB Jim Unknown 0-0: Ball
1-0: Ball
2-0: Swinging Strike
2-1: Foul Ball, location: 2F
2-2: Foul Ball, location: 2F
2-2: Ball
3-2: SINGLE (Line Drive, 8LS)
Batting: RHB Jim Unknown 0-0: Called Strike
0-1: Grounds into double play, 5-4-3 (Groundball, 5)
Batting: RHB Jim Unknown 0-0: Called Strike
0-1: Fly out, F9 (Flyball, 89M)
Bottom of the 7th over - 0 run(s), 1 hit(s), 0 error(s), 0 left on base; Bay City 0 - Bloomington 4
TOP OF THE 8TH
Bay City Bombers batting - Pitching for Bloomington Longnecks : LHP Jim Unknown
Batting: RHB Aaron Phillips 0-0: Fly out, F8 (Flyball, 8RXD)
Batting: LHB John Doyle 0-0: Swinging Strike
0-1: Ball
1-1: Swinging Strike
1-2: Ball
2-2: Foul Ball, location: 2F
2-2: Ground out 1-5-3 (Groundball, 15S)
Batting: RHB Jim Unknown 0-0: Called Strike
0-1: Ground out 4-3 (Groundball, 4)
Top of the 8th over - 0 run(s), 0 hit(s), 0 error(s), 0 left on base; Bay City 0 - Bloomington 4
BOTTOM OF THE 8TH
Bloomington Longnecks batting - Pitching for Bay City Bombers : LHP Juan Correa
Batting: SHB Jim Unknown 0-0: Ball
1-0: Ball
2-0: Ball
3-0: Called Strike
3-1: Called Strike
3-2: Foul Ball, location: 2F
3-2: Base on Balls
Batting: SHB Jim Unknown 0-0: Bunted foul
0-1: Ball
1-1: Bunted foul
1-2: Foul Ball, location: 2F
1-2: Strikes out swinging
Pitching: LHP Terry Dwyer
Batting: RHB Jim Unknown 0-0: Called Strike
0-1: Ball
1-1: Ball
2-1: Ball
3-1: SINGLE (Groundball, 2L) (infield hit)
Jim Unknown to second
Batting: RHB Jim Unknown 0-0: Called Strike
0-1: Ball
1-1: Swinging Strike
1-2: Grounds into double play, 6-4-3 (Groundball, 56)
Bottom of the 8th over - 0 run(s), 1 hit(s), 0 error(s), 1 left on base; Bay City 0 - Bloomington 4
TOP OF THE 9TH
Bay City Bombers batting - Pitching for Bloomington Longnecks : LHP Jim Unknown
Batting: LHB Mito Rin 0-0: Ball
1-0: Called Strike
1-1: Called Strike
1-2: Strikes out swinging
Batting: RHB Jim Unknown 0-0: SINGLE (Groundball, 4MD)
Batting: RHB Luis Díaz 0-0: Fly out, F3 (Popup, 3F)
Batting: RHB Jim Unknown 0-0: Called Strike
0-1: Ball
1-1: Ground out 5-3 (Groundball, 5)
Top of the 9th over - 0 run(s), 1 hit(s), 0 error(s), 1 left on base; Bay City 0 - Bloomington 4
This league is powered by Out of the Park Baseball, the baseball management simulation game for PC, Mac and Linux
Friday, October 23rd, 2015 - OOTP Baseball 16.9 Build 39